 Dungeon Crawl Stone Soup version 0.30-a0-12-gd8047c6341 (webtiles) character file.

Game seed: 11202239431307255671

19 ytrimaz the Insei (level 2, 21/21 HPs)
             Began as a Demonspawn Transmuter on Aug 23, 2022.
             Was a Follower of Fedhas.
             Quit the game on level 1 of the Dungeon.
             The game lasted 00:01:06 (1259 turns).

ytrimaz the Insei (Demonspawn Transmuter)           Turns: 1259, Time: 00:01:07

Health: 21/21      AC:  2    Str: 10    XL:     2   Next: 55%
Magic:  5/5        EV: 12    Int: 14    God:    Fedhas [*.....]
Gold:   60         SH:  0    Dex: 13    Spells: 4/5 levels left

rFire   . . .      SeeInvis .      - Unarmed
rCold   . . .      Faith    .    (no shield)
rNeg    . . .      Spirit   .    a - +0 robe
rPois   .          Reflect  .    (helmet restricted)
rElec   .          Harm     .    (no cloak)
rCorr   .          Rampage  .    (no gloves)
Will    .....                    (no boots)
Stlth   +.........               (no amulet)
HPRegen 0.07/turn                (no ring)
MPRegen 0.09/turn                (no ring)

@: about to teleport
A: antennae 1
a: Renounce Religion


You were on level 1 of the Dungeon.
You worshipped Fedhas.
Fedhas was aware of your devotion.
You visited 1 branch of the dungeon, and saw 1 of its levels.

You collected 60 gold pieces.

Inventory:

Armour
 a - a +0 robe (worn)
Potions
 b - a potion of lignification
 e - 2 potions of degeneration


   Skills:
 - Level 1.0 Fighting
 - Level 1.7 Dodging
 + Level 3.6 Unarmed Combat
 - Level 2.0 Spellcasting
 - Level 1.7 Transmutations


You had 4 spell levels left.
You knew the following spells:

 Your Spells              Type           Power      Damage    Failure   Level
a - Beastly Appendage     Tmut           12%        N/A       12%         1

Your spell library contained the following spells:

 Spells                   Type           Power      Damage    Failure   Level
 Wereblood                Tmut           6%         N/A       17%         2
 Spider Form              Tmut/Pois      3%         N/A       45%         3
 Ice Form                 Ice/Tmut       3%         N/A       86%         4


Dungeon Overview and Level Annotations

Branches:
Dungeon (1/15)

Altars:
Fedhas


Innate Abilities, Weirdness & Mutations

You have a pair of small antennae on your head.


Message History

A rat is nearby!
The rat misses you.
You extend your transformation's duration.
The rat closely misses you.
You barely miss the rat. The rat bites you.
You hit the rat.
You kill the rat!
Fedhas appreciates your contribution to the ecosystem.
Your transformation is almost over.
You see here a rat corpse.
No target in view!
Your talons disappear.
d - a scroll labelled UGGUFR ZOUDO
Found an escape hatch in the floor.
There is an escape hatch in the floor here.
There is a stone staircase leading down here.
There is a stone staircase leading down here.
Key pressed, stopping explore.
e - 2 fuming orange potions No target in view!
Your feet morph into talons.
No target in view!
Your transformation is almost over.
Your talons disappear.
A ball python comes into view.
The ball python moves out of view.
As you read the scroll labelled MIALEZ CIEST, it crumbles to dust.
You feel strangely unstable.
It was a scroll of teleportation.
Unknown command.
As you read the scroll labelled UGGUFR ZOUDO, it crumbles to dust.
It is a scroll of identify.
Really abort (and waste the scroll)? [Y]es or [N]o only, please.
Really abort (and waste the scroll)?
e - 2 potions of degeneration Unknown command.
A ball python is nearby!
A ball python is nearby!
A ball python is nearby!
Are you sure you want to abandon this character and quit the game? (Confirm with "yes".)

....##....# #.##.......######
###.##.##.####.##.....#.#
#.##.##.......)..#.#..###
##.##.##.####.##..#......####
##...#.##.# #.......#####...#
#......##.# #..#...#.....#..#
.......##.####.(##.#.........#
#.....###.#.....#.#.........#.#
##.............#@#....÷......#
########.#.####(#....≈≈.....#
##.#.##.......≈_.≈....#
#..#.##.#.#....≈≈.....#
#..#.##...#...........#
#..#.##..#.#.........#.#
#..#.....##.#.........##
#..###...###.#S....#..# #####
#..# #...# ##.#####...#


You could see a ball python (wandering).

Vanquished Creatures
  3 endoplasms (D:1)
  A goblin (D:1)
  4 hobgoblins (D:1)
  A kobold (D:1)
  A quokka (D:1)
  2 ball pythons (D:1)
  2 frilled lizards (D:1)
  3 rats (D:1)
17 creatures vanquished.

Notes
Turn   | Place    | Note
-------+----------+-------------------------------------------
     0 | D:1      | ytrimaz the Demonspawn Transmuter began the quest for the
                  | Orb.
     0 | D:1      | Reached XP level 1. HP: 15/15 MP: 3/3
   311 | D:1      | Reached skill level 3 in Unarmed Combat
   440 | D:1      | Lost mutation: You have a pair of horns on your head.
                  | [demonic ancestry]
   440 | D:1      | Lost mutation: You have a pair of small horns on your head.
                  | [demonic ancestry]
   440 | D:1      | Gained mutation: You have a pair of small antennae on your
                  | head. [demonic ancestry]
   440 | D:1      | Reached XP level 2. HP: 8/21 MP: 3/5
   441 | D:1      | Found a faded altar of an unknown god.
   730 | D:1      | Prayed at the altar of an unknown god.
   730 | D:1      | Became a worshipper of Fedhas Madash
   730 | D:1      | Reached * piety under Fedhas
  1259 | D:1      | Quit the game

Illustrated notes

Levels and vault maps discovered:
D:1:      dpeg_arrival_tiny_d, layout_loops_ring,
          shapermc_ecumenical_altar_starsandcircs

Skill      XL: |  1 |
---------------+----+-----
Unarmed Combat | 3 |  3.6
Fighting       | |  1.0
Dodging        | |  1.7
Spellcasting   | |  2.0
Transmutations | |  1.7

Action                   || total
-------------------------++-------
Melee: Unarmed           ||    51
       Kick              ||     7
       Headbutt          ||     1
 Cast: Beastly Appendage ||    11
  Use: Scroll            ||     3
Dodge: Dodged            ||    24

Table legend: (Time is in decaauts)
 A = Elapsed time spent in this place.
 B = Non-inter-level travel time spent in this place.
 C = Inter-level travel time spent in this place.
 D = Time resting spent in this place.
 E = Time spent auto-exploring this place.
 F = Levels seen in this place.
 G = Mean time per level.
                   A        B        C        D        E       F      G
               +--------+--------+--------+--------+--------+-----+--------+
         Total |   1255 |   1255 |      0 |      0 |   1102 |   1 | 1255.0 |
       Dungeon |   1255 |   1255 |      0 |      0 |   1102 |   1 | 1255.0 |
               +--------+--------+--------+--------+--------+-----+--------+

Top non-repeatable levels by time:
     D:1: 1255 daAuts
